 Dungeon Crawl Stone Soup version 0.27.1-15-g792fb953b9 (webtiles) character file.

Game seed: 1502483374438174124

42 spaced the Ruffian (level 3, -3/28 HPs)
             Began as a Draconian Transmuter on Nov 18, 2021.
             Was a Plaything of Xom.
             Slain by a gnoll (6 damage)
             ... on level 2 of the Dungeon.
             The game lasted 00:09:14 (949 turns).

spaced the Ruffian (Draconian Transmuter)            Turns: 949, Time: 00:09:15

Health: -3/28      AC:  5    Str: 12    XL:     3   Next: 35%
Magic:  5/6        EV: 12    Int: 14    God:    Xom [.*....]
Gold:   62         SH:  0    Dex: 11    Spells: 5/6 levels left

rFire    . . .     SeeInvis .     - Unarmed
rCold    . . .     Faith    .   (no shield)
rNeg     . . .     Spirit   .   (armour unavailable)
rPois    .         Reflect  .   (helmet currently unavailable)
rElec    .         Harm     .   (no cloak)
rCorr    .         Rampage  .   (no gloves)
Will     .....                  (boots currently unavailable)
Stlth    +.........             (no amulet)
HPRegen  0.09/turn              (no ring)
MPRegen  0.10/turn              (no ring)

@: appendages (expiring)
A: horns 2, talons 2, AC +5, unfitting armour, cold-blooded
a: End Transformation, Renounce Religion


You were on level 2 of the Dungeon.
You worshipped Xom.
You were a plaything of Xom.
You had temporarily grown beastly horns and talons.
You visited 1 branch of the dungeon, and saw 2 of its levels.

You collected 62 gold pieces.

Inventory:

Hand Weapons
 a - a +0 whip
 l - a +0 mace
Missiles
 g - 24 bolts
Armour
 d - a +0 pair of gloves
 f - a +0 helmet
Scrolls
 c - 2 scrolls of identify {unknown}
 h - a scroll of amnesia {unknown}
 i - a scroll of vulnerability {unknown}
 k - a scroll of blinking {unknown}
Potions
 e - a potion of berserk rage {unknown}
 j - 4 potions of curing {unknown}


   Skills:
 + Level 1.2 Fighting
 + Level 0.6 Maces & Flails
 + Level 2.0 Dodging
 + Level 0.1 Stealth
 + Level 3.5 Unarmed Combat
 + Level 2.2 Spellcasting
 + Level 2.4 Transmutations


You had 5 spell levels left.
You knew the following spells:

 Your Spells              Type           Power      Damage    Failure   Level
a - Beastly Appendage     Tmut           16%        N/A       9%          1

Your spell library contained the following spells:

 Spells                   Type           Power      Damage    Failure   Level
 Wereblood                Tmut           8%         N/A       13%         2
 Spider Form              Tmut/Pois      2%         N/A       38%         3
 Ice Form                 Ice/Tmut       5%         N/A       80%         4


Dungeon Overview and Level Annotations

Branches:
Dungeon (2/15)

Altars:
Xom


Innate Abilities, Weirdness & Mutations

You have temporarily grown beastly horns and talons.
Your plain brown scales are hard. (AC +5)
You cannot fit into any form of body armour.
You are cold-blooded and may be slowed by cold attacks.


Message History

The floor.
A gnoll is nearby!
Unknown command.
Press: ? - help, v - describe, . - travel A granite statue.
You closely miss the gnoll.
Your tail-slap misses the gnoll.
A gnoll comes into view. It is wielding a +0 club.
The gnoll misses you.
Casting: Beastly Appendage (safe; 9% risk of failure)
Confirm with . or Enter, or press ? or * to list all spells.
You grow a pair of large bovine horns.
Your feet morph into talons.
A gnoll comes into view. It is wielding a +0 whip.
The gnoll hits you with a +0 halberd.
You hit the gnoll.
The gnoll is moderately wounded.
The gnoll hits you with a +0 halberd!
A rat comes into view.
You hit the gnoll but do no damage.
The gnoll is moderately wounded.
The gnoll barely misses you. The rat completely misses you.
You hit the gnoll.
The gnoll is severely wounded.
The gnoll misses you.
You barely miss the gnoll.
The gnoll is severely wounded.
The rat barely misses you. The gnoll hits you with a +0 halberd.
You hit the gnoll. You punch the gnoll.
The gnoll is severely wounded.
Your transformation is almost over.
The rat bites you. The gnoll hits you with a +0 halberd!
* * * LOW HITPOINT WARNING * * *
You closely miss the rat. You headbutt the rat.
You kill the rat!
The gnoll closely misses you.
You hit the gnoll.
You kill the gnoll!
You hit the gnoll but do no damage. Your kick misses the gnoll.
Your tail-slap misses the gnoll.
The gnoll hits you with a +0 whip.
You die...
Xom snickers!

# #
#.#.
..#
##g##
#.8@#
##g#.#
#.#
#.#
♣.#
8.#
#.#
#.# ##
#.#
⌠.# ##


You could see 2 gnolls.

Vanquished Creatures
  2 gnolls
  A dart slug (D:1)
  An endoplasm (D:1)
  2 goblins (D:1)
  3 hobgoblins (D:1)
  2 ball pythons (D:1)
  2 bats (D:1)
  5 frilled lizards (D:1)
  2 kobolds (D:1)
  4 rats
24 creatures vanquished.

Vanquished Creatures (others)
  12 plants (D:1)
12 creatures vanquished.

Grand Total: 36 creatures vanquished

Notes
Turn   | Place    | Note
-------+----------+-------------------------------------------
     0 | D:1      | spaced the Draconian Transmuter began the quest for the
                  | Orb.
     0 | D:1      | Reached XP level 1. HP: 16/16 MP: 3/3
    22 | D:1      | Found a faded altar of an unknown god.
    71 | D:1      | Became a worshipper of Xom the Fickle
   100 | D:1      | XOM: potion effect (haste)
   175 | D:1      | Reached XP level 2. HP: 19/23 MP: 3/5
   613 | D:1      | XOM: butterfly on damage
   617 | D:1      | Reached XP level 3. HP: 13/28 MP: 4/6
   949 | D:2      | Slain by a gnoll

Illustrated notes

Levels and vault maps discovered:
D:1:      dpeg_arrival_radiant, layout_basic, chequers_ecumenical_altar_island,
          minivault_14, serial_bayou_lake_a
D:2:      layout_loops_ring, grunt_decor_mini_mirrors, minmay_tiny_reverse_x

Skill      XL: |  1  2 |
---------------+-------+-----
Dodging        | 2 |  2.0
Fighting       | |  1.2
Maces & Flails | |  0.6
Stealth        | |  0.1
Unarmed Combat | |  3.5
Spellcasting   | |  2.2
Transmutations | |  2.4

Action                   || total
-------------------------++-------
Melee: Whip              ||    82
       Unarmed           ||    43
       Headbutt          ||     4
       Tailslap          ||    12
       Kick              ||     5
       Punch             ||     1
 Cast: Beastly Appendage ||     7
  Use: Scroll            ||     1
 Stab: Sleeping          ||     1
Armor: Skin              ||    17
Dodge: Dodged            ||    55
